 Dungeon Crawl Stone Soup version 0.17-a0-1570-g74b7129 (webtiles) character file.

56 volk64 the Charmwright (level 3, 29/29 HPs)
             Began as a Demigod Skald on July 23, 2015.
             Starved to death
             ... while paralysed
             ... on level 2 of the Dungeon.
             The game lasted 00:09:10 (2499 turns).

volk64 the Charmwright (Demigod Skald)              Turns: 2499, Time: 00:09:10

Health: 29/29      AC:  6    Str: 17    XL:     3   Next: 47%
Magic:  8/8        EV:  2    Int: 16    God:
Gold:   152        SH:  0    Dex: 15    Spells: 1 memorised, 4 levels left

rFire  . . .     SeeInvis .     j - +2 hand axe (chop)
rCold  . . .     Clarity  .     o - +0 scale mail (curse)
rNeg   . . .     SustAt   +     (no shield)
rPois  .         Gourm    .     (no helmet)
rElec  .         Spirit   .     (no cloak)
rCorr  .         Warding  .     (no gloves)
rMut   .         Stasis   .     (no boots)
MR     .....                    q - amulet of regeneration
Stlth  ..........               (no ring)
                                (no ring)

@: paralysed, starving, not resistant to hostile enchantments, extremely
unstealthy
A: high mp 1, sustain attributes
a: no special abilities


You were on level 2 of the Dungeon.
You were starving.

You visited 1 branch of the dungeon, and saw 2 of its levels.

You collected 152 gold pieces.

Inventory:

Hand weapons
 a - a +0 falchion
 f - a cursed -3 hunting sling
 j - a +2 hand axe of chopping (weapon)
Armour
 b - a +0 leather armour
 o - a cursed +0 scale mail (worn)
Jewellery
 q - an amulet of regeneration (around neck)
 s - an uncursed ring of sustain attributes {unknown}
Scrolls
 k - 3 scrolls of identify {unknown}
 l - a scroll of magic mapping {unknown}
 m - a scroll of random uselessness {unknown}
 n - 3 scrolls of enchant weapon {unknown}
 p - a scroll of enchant armour {unknown}
 r - a scroll of blinking {unknown}
Potions
 e - 2 potions of curing
Books
 c - a book of Battle

   Spells                             Type                      Level
   a - Infusion                       Charms                       1
   b - Shroud of Golubria             Charms/Translocation         2
   c - Song of Slaying                Charms                       2
   d - Spectral Weapon                Hexes/Charms                 3
   e - Regeneration                   Charms/Necromancy            3
Comestibles
 d - 3 bread rations
 g - 4 meat rations
 h - 3 beef jerkies


   Skills:
 + Level 2.0 Fighting
 + Level 2.4 Long Blades
 + Level 0.1 Axes
 + Level 1.2 Armour
 + Level 1.6 Dodging
 + Level 0.4 Stealth
 + Level 1.8 Spellcasting
 + Level 3.0 Charms


You had 4 spell levels left.
You knew the following spells:

 Your Spells              Type           Power        Failure   Level  Hunger
a - Infusion              Chrm           ##....       21%         1    ##.....


Dungeon Overview and Level Annotations

Branches:
Dungeon (2/15)


Innate Abilities, Weirdness & Mutations

You have an increased reservoir of magic (+10% MP).
Your attributes are resistant to harm.


Message History

The rat barely misses you. The rat bites you but does no damage.
The rat bites you but does no damage. The rat closely misses you.
The rat bites you but does no damage. The rat closely misses you.
The rat bites you but does no damage. The rat closely misses you.
The rat closely misses you.
You hit the rat.
You kill the rat!
No target in view!
No target in view!
You need to eat something NOW!
You need to eat something NOW!
You need to eat something NOW!
There is an open door here.
You lose consciousness!
You have starved to death.
You die...

...##.##.#.............##.##.....
...##...........#....'###.##..#.#
...#####.#..#...#....## #.##.....
............##..#....# #.##.##.#
#..#####.#####..#....####.##.##.#
#..# #.# #.>#.........)...(.#
...# #.# ####....####.##.####
#..## ### ####'## #.##.# #...#
#@...# #.##.# #...# ###### #.##.#
#...# #.#### ....#### #.#
.......# #.#
#...##.##################.###
#...........................#
#.#.##.##################.#.#
....##.# #...#


There were no monsters in sight!

Vanquished Creatures
  An ooze (D:2)
  2 worms (D:2)
  2 giant geckos (D:2)
  6 bats
  3 goblins
  5 hobgoblins
  9 kobolds
  3 giant cockroaches
  A giant newt (D:1)
  16 rats
48 creatures vanquished.

Notes
Turn   | Place    | Note
--------------------------------------------------------------
     0 | D:1      | volk64 the Demigod Skald began the quest for the Orb.
     0 | D:1      | Reached XP level 1. HP: 17/17 MP: 5/5
    36 | D:1      | Reached skill level 1 in Armour
   570 | D:1      | Reached skill level 1 in Dodging
   573 | D:1      | Reached XP level 2. HP: 24/24 MP: 7/7
  1007 | D:2      | Reached skill level 3 in Charms
  1037 | D:2      | Found a faded altar to an unknown god.
  1316 | D:2      | Reached XP level 3. HP: 29/29 MP: 8/8
  2499 | D:2      | Starved to death

Vault maps used:
D:1:      nicolae_arrival_somewhat_less_tricky_arrival
D:2:      ecumenical_altar_1, minmay_rat_gold_closets

Action                   || total
-------------------------++-------
Melee: Falchion          ||    35
       Hand axe          ||    97
 Cast: Infusion          ||     1
  Use: Scroll            ||     2
       Potion            ||     2
 Stab: Sleeping          ||     3
  Eat: Chunk             ||     3
